 Dungeon Crawl Stone Soup version 0.32-a0-699-g1ee5eff69a (webtiles) character file.

Game seed: 13071417136805218028

86 Ruich the Sneak (level 4, -3/30 HPs)
             Began as a Vampire Enchanter on Mar 14, 2024.
             Slain by an orc
             ... wielding a +0 short sword
              (4 damage)
             ... on level 3 of the Dungeon.
             The game lasted 00:05:33 (2395 turns).

Ruich the Sneak (Vampire Enchanter)                 Turns: 2395, Time: 00:05:34

Health: -3/30      AC:  3    Str:  9    XL:     4   Next: 26%
Magic:  7/7        EV: 11    Int: 17    God:
Gold:   93         SH:  0    Dex: 14    Spells: 2/7 levels left

rFire   . . .        m - +0 dagger (speed)
rCold   . . .        (no shield)
rNeg    . . .        b - +0 robe
rPois   .            (no helmet)
rElec   .            (no cloak)
rCorr   .            f - +0 pair of gloves
SInv    +            (no boots)
Will    .....        (no amulet)
Stlth   +++          (no ring)
HPRegen 0.45/turn    (no ring)
MPRegen 0.10/turn

%: no passive effects
@: healing quickly
A: alive, fangs 3, see invisible, vampiric 2
a: Exsanguinate


You were on level 3 of the Dungeon.
You visited 1 branch of the dungeon, and saw 3 of its levels.

You collected 93 gold pieces.


Innate Abilities, Weirdness & Mutations

Your natural rate of healing is accelerated.
You have razor-sharp teeth.
You have supernaturally acute eyesight. (SInv)
You are afflicted with vampirism and can become a bat while bloodless.


   Skills:
 + Level 2.0 Short Blades
 + Level 2.7 Dodging
 * Level 5.5 Stealth
 + Level 2.3 Spellcasting
 * Level 5.4 Hexes


You had 2 spell levels left.
You knew the following spells:

 Your Spells              Type           Power      Damage    Failure   Level
c - Confusing Touch       Hex            20%        N/A       6%          3
e - Ensorcelled Hibernat  Hex/Ice        22%        N/A       9%          2

Your spell library contained the following spells:

 Spells                   Type           Power      Damage    Failure   Level
 Call Imp                 Summ           4%         N/A       28%         2
 Sublimation of Blood     Necr           2%         N/A       28%         2
 Tukima's Dance           Hex            20%        N/A       6%          3
 Dazzling Flash           Conj/Hex       22%        N/A       19%         3
 Summon Hydra             Summ           1%         N/A       100%        7

Inventory:

Hand Weapons
 m - a +0 dagger of speed (weapon)
Missiles
 g - a poisoned dart (quivered)
Armour
 b - a +0 robe (worn)
 f - a +0 pair of gloves (worn)
 s - a +0 buckler
Scrolls
 h - 2 scrolls of teleportation {unknown}
 i - a scroll of revelation {unknown}
 l - 3 scrolls of enchant weapon {unknown}
 n - a scroll of enchant armour {unknown}
 o - 3 scrolls of acquirement {unknown}
 p - a scroll of vulnerability {unknown}
 q - a scroll of identify {unknown}
 r - a scroll of poison {unknown}
Potions
 a - 2 potions of ambrosia {unknown}
 c - 2 potions of invisibility
 d - a potion of might {unknown}
 e - 2 potions of curing {unknown}
 j - a potion of heal wounds {unknown}
 k - a potion of haste {unknown}

Dungeon Overview and Level Annotations

Branches:
Dungeon (3/15) Zot: 15631

Altars:

Shops:
D:3 *

Annotations:
D:3 Natasha

#.#.. .####........###.....# .
#.#.# .....................##
.###.#.###.....................>#
........ .............####......#
.......# #......#.###.# ###.....
.......###.####+#.###.# #.....
...................##.######.....
.......##..#....oo##.............
...........#...o@h5.....#........
.#....####.#####o###..#.#.###....
.#................##..#.#.# ###..
........########..##..#)#.#####.#
.......r########..##(.#.#...[.#)#
.........oo.ro........#.#.....#.#
..>....o########..##..#.#..##.#.#
........# ##.................
..........# #.........#.###...#


You could see an orc wizard (invisible), Natasha, a cerulean imp (summoned) and
3 orcs.


Message History

Natasha casts a spell at you. The orc wizard freezes you.
The orc closely misses you. The orc misses you.
In your confused state, you trip and fall back down the stairs.
Natasha mumbles some strange words.
You feel troubled. The orc wizard closely misses you.
The orc closely misses you.
Unknown command.
Unknown command.
The orc wizard casts a spell.
The orc wizard flickers and vanishes for a moment.
The orc closely misses you.
In your confused state, you trip and fall back down the stairs.
* * * LOW HITPOINT WARNING * * *
x2 The orc wizard freezes you.
* * * LOW HITPOINT WARNING * * *
The orc closely misses you. The orc misses you.
Unknown command.
Natasha casts a spell.
The orc barely misses you. x2
In your confused state, you trip and fall back down the stairs.
* * * LOW HITPOINT WARNING * * *
x3 Unknown command.
Unknown command.
Unknown command.
You feel less confused. Natasha barely misses you.
The orc wizard points at you and mumbles some strange words.
* * * LOW HITPOINT WARNING * * *
The orc barely misses you. x2
You die...

Skill      XL: |  1  2  3 |
---------------+----------+-----
Stealth        | 5 |  5.5
Hexes          | 5 |  5.4
Short Blades   | 2 |  2.0
Dodging        | |  2.7
Spellcasting   | |  2.3

Action                     |  1- 3 |  4- 6 || total
---------------------------+-------+-------++-------
  Melee: Dagger            |    66 |    21 ||    87
         Bite              |     5 |     1 ||     6
  Throw: Dart              |     1 |       ||     1
   Cast: Ensorcelled Hiber |    17 |     5 ||    22
   Stab: Sleeping          |    19 |     4 ||    23
 Armour: Robe              |    23 |    26 ||    49
  Dodge: Dodged            |    21 |    26 ||    47

Levels and vault maps discovered:
D:1:      lightli_arrival_windingriver, layout_basic,
          shapermc_ecumenical_altar_starsandcircs, hangedman_decor_growths,
          grunt_decor_one_mirror
D:2:      layout_loops_corners
D:3:      layout_basic, serial_shops,
          nicolae_shop_temple_entry_statues_fountains, minmay_circle_x,
          uniq_terence, uniq_natasha

Notes
Turn   | Place    | Note
-------+----------+-------------------------------------------
     0 | D:1      | Ruich the Vampire Enchanter began the quest for the Orb.
     0 | D:1      | Reached XP level 1. HP: 13/13 MP: 3/3
   224 | D:1      | Found a faded altar of an unknown god.
   279 | D:1      | Reached XP level 2. HP: 19/19 MP: 5/5
   282 | D:1      | Learned a level 2 spell: Ensorcelled Hibernation
   699 | D:2      | Reached skill level 5 in Stealth
   699 | D:2      | Reached skill level 5 in Hexes
   759 | D:2      | Gained mutation: You are afflicted with vampirism and can
                  | become a bat while bloodless. [Vampire growth]
   759 | D:2      | Reached XP level 3. HP: 24/24 MP: 6/6
  1314 | D:2      | Learned a level 3 spell: Confusing Touch
  1903 | D:3      | Noticed Natasha
  1943 | D:3      | Killed Natasha
  1944 | D:3      | Reached skill level 2 in Short Blades
  1944 | D:3      | Reached XP level 4. HP: 30/30 MP: 7/7
  2089 | D:3      | Found Fene Hoe's Assorted Antiques.
  2363 | D:3      | Noticed Natasha
  2395 | D:3      | HP: 1/30 [orc wizard/magic dart (5)]
  2395 | D:3      | Slain by an orc

Vanquished Creatures
  Natasha (D:3)
  2 adders (D:2)
  A ribbon worm (D:2)
  2 dart slugs
  An orc (D:2)
  3 endoplasms (D:2)
  7 goblins
  4 hobgoblins
  2 quokkas
  3 ball pythons
  2 bats
  A frilled lizard (D:3)
  3 kobolds
  5 rats
37 creatures vanquished.

Table legend: (Time is in decaauts)
 A = Elapsed time spent in this place.
 B = Non-inter-level travel time spent in this place.
 C = Inter-level travel time spent in this place.
 D = Time resting spent in this place.
 E = Time spent auto-exploring this place.
 F = Levels seen in this place.
 G = Mean time per level.
                   A        B        C        D        E       F      G
               +--------+--------+--------+--------+--------+-----+--------+
         Total |   2367 |   2300 |     67 |    391 |   1474 |   3 |  789.0 |
       Dungeon |   2367 |   2300 |     67 |    391 |   1474 |   3 |  789.0 |
               +--------+--------+--------+--------+--------+-----+--------+

Top non-repeatable levels by time:
     D:2: 1184 daAuts
     D:3: 628 daAuts
     D:1: 554 daAuts

Table legend:
 A = Non-vault XP
 B = Vault XP
 C = Vault XP percentage of total XP
 D = Non-vault monster count
 E = Vault monster count
 F = Vault count percentage of total count
                 A         B        C        D         E       F
            +---------+---------+-------+---------+---------+-------
      Total |      88 |      35 |  28.5 |      36 |       1 |   2.7
            +---------+---------+-------+---------+---------+-------
        D:1 |      17 |       0 |   0.0 |      10 |       0 |   0.0
        D:2 |      53 |       0 |   0.0 |      15 |       0 |   0.0
        D:3 |      18 |      35 |  66.0 |      11 |       1 |   8.3
            +---------+---------+-------+---------+---------+-------
